Map: Neon Violet Square LE

Players

Subwayeatn

  • Race: Zerg Zerg
  • League: Platinum
  • Spawn Location: 11:00

AtosVT - Winner!

  • Race: Zerg Zerg
  • League: Platinum
  • Spawn Location: 5:00

VOD

Have the link to the VOD?

Description

Time

  • Played on: May 10, 2018, 5:31 p.m.
  • Length: 14:05
Show
View Real Time Build Order
Export as new Build Order

Subwayeatn Zerg 

Build Orders: Pool First 

Get SALT Encoding   

  12  0:00  Drone  
  13  0:13  Overlord  
  13  0:18  Drone  
  14  0:31  Drone x2  
  16  0:42  Spawning Pool  
  15  0:46  Drone  
  16  1:09  Hatchery  
  15  1:16  Extractor  
  15  1:18  Drone x2  
  16  1:29  Queen  
  18  1:37  Overlord  
  18  1:44  Zergling x2  
  18  1:45  Zergling x2  
  20  1:50  Drone  
  21  2:01  Drone  
  22  2:15  Overlord  
  22  2:19  Metabolic Boost  
  22  2:27  Queen  
  24  2:32  Drone  
  25  2:49  Zergling x8  
  25  2:50  Zergling x2  
  30  3:01  Overlord  
  30  3:09  Drone x4  
  34  3:30  Drone x7  
  41  3:45  Drone x2  
  41  3:46  Drone x2  
  45  4:03  Roach Warren  
  45  4:06  Evolution Chamber  
  45  4:08  Evolution Chamber  
  42  4:11  Lair  
  42  4:12  Drone x4  
  42  4:13  Drone x2  
  42  4:16  Extractor  
  47  4:18  Extractor  
  47  4:22  Overlord  
  46  4:25  Overlord  
  46  4:33  Drone x3  
  46  4:35  Drone x2  
  51  4:41  Zerg Missile Weapons Level 1  
  51  4:42  Zerg Ground Armor Level 1  
  51  4:49  Roach x2  
  55  4:53  Roach x2  
  59  5:03  Overlord  
  59  5:05  Roach x2  
  60  5:27  Queen  
  59  5:28  Roach  
  59  5:29  Roach x6  
  71  5:42  Overlord  
  71  5:51  Roach x2  
  75  5:58  Hatchery, Overlord x2  
  75  6:01  Glial Reconstitution  
  75  6:03  Overlord  
  74  6:17  Ravager x3  
  77  6:20  Ravager  
  77  6:23  Drone  
  77  6:24  Extractor, Drone x2  
  77  6:25  Drone x2  
  82  6:29  Roach x3  
  88  6:50  Roach  
  88  6:51  Roach x6  
  102  6:58  Spine Crawler, Drone x2  
  102  6:59  Spine Crawler  
  85  7:10  Queen  
  85  7:13  Overlord  
  85  7:14  Roach  
  85  7:15  Roach x3  
  95  7:22  Drone x3  
  98  7:25  Drone  
  99  7:30  Drone x2  
  99  7:31  Hydralisk Den  
  102  7:37  Roach x2  
  102  7:41  Ravager x4  
  108  8:05  Grooved Spines  
  108  8:12  Hatchery, Extractor  
  107  8:13  Extractor, Drone x7  
  107  8:14  Drone x2  
  106  8:38  Zerg Missile Weapons Level 2  
  106  8:39  Zerg Ground Armor Level 2  
  106  8:44  Hydralisk x3  
  106  8:47  Zergling x2  
  106  8:48  Zergling x12  
  119  8:54  Queen  
  119  9:15  Hydralisk x4  
  119  9:16  Muscular Augments  
  118  9:25  Overlord  
  118  9:26  Overlord  
  118  9:27  Overlord  
  118  9:36  Ravager x3  
  118  9:37  Roach  
  118  9:38  Roach x2  
  127  9:39  Overlord x4  
  127  9:42  Spine Crawler  
  126  9:48  Infestation Pit  
  125  9:55  Queen  
  125  9:56  Drone  
  128  10:01  Spine Crawler  
  127  10:18  Drone x3  
  130  10:31  Hydralisk x3  
  130  10:32  Roach x7, Hydralisk x2  
  154  10:37  Ravager x5  
  154  10:42  Overlord  
  159  10:44  Overlord  
  153  11:04  Roach  
  153  11:05  Roach x8  
  171  11:19  Evolution Chamber x2  
  171  11:20  Evolution Chamber  
  164  11:28  Roach  
  164  11:29  Roach x7  
  166  11:41  Hydralisk  
  166  11:42  Hydralisk x3  
  160  11:57  Roach  
  160  11:58  Roach x5  
  114  12:12  Roach x7  
  126  12:25  Roach x4  
  126  12:26  Roach  
  126  12:29  Ravager  
  138  12:30  Ravager x3  
  138  12:31  Ravager x5  
  138  12:32  Ravager  
  140  12:42  Ravager  
  140  12:43  Ravager x7  
  148  12:44  Roach  
  148  12:45  Roach  
  150  13:01  Drone x2  
  152  13:08  Roach  
  152  13:09  Roach x2  
  158  13:14  Overseer x2  
  158  13:22  Extractor  
  158  13:24  Hatchery  
  139  13:41  Roach, Hydralisk  
Show
View Real Time Build Order
Export as new Build Order

AtosVT Zerg - Winner!

Build Orders: Hatch First 

Get SALT Encoding   

  12  0:01  Drone  
  13  0:13  Overlord  
  13  0:19  Drone  
  14  0:32  Drone x2  
  16  0:41  Drone  
  17  0:56  Hatchery  
  16  1:01  Drone  
  17  1:04  Extractor  
  16  1:15  Spawning Pool  
  16  1:17  Drone  
  16  1:21  Drone  
  16  1:24  Drone  
  18  1:29  Drone  
  19  1:39  Overlord  
  19  1:51  Drone  
  20  2:02  Queen  
  20  2:04  Metabolic Boost  
  20  2:08  Queen  
  24  2:11  Zergling x2  
  24  2:15  Zergling x2  
  26  2:20  Drone  
  26  2:22  Zergling x2  
  28  2:25  Zergling x2  
  29  2:31  Drone  
  30  2:39  Drone  
  30  2:42  Drone  
  32  2:49  Drone  
  33  2:54  Overlord  
  33  2:58  Queen  
  33  2:59  Drone  
  36  3:08  Lair  
  36  3:15  Overlord  
  36  3:16  Drone x2  
  38  3:23  Drone x4  
  42  3:32  Overlord  
  42  3:43  Zergling x4  
  42  3:44  Overlord  
  44  3:51  Drone x3  
  47  4:11  Drone x4  
  51  4:18  Zergling x10, Evolution Chamber  
  51  4:20  Evolution Chamber  
  51  4:21  Drone  
  55  4:30  Zergling x8  
  59  4:33  Overlord  
  58  4:40  Hatchery  
  58  4:41  Overlord  
  58  4:43  Zergling x4  
  59  4:48  Overlord  
  59  4:57  Zerg Melee Weapons Level 1  
  59  4:58  Zerg Ground Armor Level 1  
  59  5:02  Drone x3  
  62  5:14  Zergling x10  
  62  5:15  Zergling x2  
  62  5:20  Zergling x2  
  62  5:21  Zergling x2  
  65  5:37  Zergling x10  
  65  5:38  Zergling x6  
  65  5:42  Drone x2  
  75  5:48  Extractor x2  
  73  5:54  Drone x3  
  76  5:57  Hatchery  
  76  5:58  Extractor  
  76  6:02  Drone  
  75  6:12  Zergling x10  
  75  6:14  Queen  
  75  6:16  Overlord x2  
  82  6:22  Drone  
  82  6:23  Drone x3  
  86  6:39  Drone x3  
  90  6:40  Drone x3  
  92  6:51  Zerg Melee Weapons Level 2  
  92  6:53  Zerg Ground Armor Level 2  
  92  6:55  Zergling x4  
  92  6:56  Zergling x6  
  80  7:15  Zergling x16  
  87  7:16  Hatchery  
  87  7:26  Drone x4  
  91  7:32  Drone  
  91  7:33  Infestation Pit, Drone x4  
  91  7:36  Drone  
  96  7:44  Zergling x2  
  96  7:45  Zergling x4  
  99  7:54  Zergling x8  
  99  7:55  Zergling x6  
  106  8:00  Drone x4  
  106  8:02  Extractor  
  106  8:04  Extractor, Drone x2  
  110  8:14  Zergling x4  
  110  8:16  Overlord x2  
  105  8:21  Zergling x4  
  105  8:22  Zergling x10  
  90  8:30  Zergling x8  
  90  8:33  Zergling x2  
  94  8:39  Zergling x8  
  94  8:53  Zergling x2  
  94  8:54  Zergling x8, Spine Crawler  
  94  8:55  Overlord x2  
  98  8:56  Zergling x2  
  98  8:57  Zergling x10  
  104  9:04  Hive  
  104  9:08  Drone x4  
  104  9:09  Overlord x2  
  108  9:15  Zergling x10  
  108  9:16  Zergling x2  
  100  9:29  Drone x5  
  105  9:35  Zergling x2  
  105  9:36  Zergling x8  
  105  9:37  Overseer x2  
  110  9:43  Drone x5  
  110  9:44  Overlord  
  110  9:45  Overlord  
  115  9:49  Zergling x2  
  115  9:50  Zergling x2  
  117  10:01  Drone x3  
  117  10:03  Extractor, Drone x5  
  117  10:04  Zergling x2, Extractor  
  117  10:05  Zergling x14  
  131  10:13  Hatchery  
  130  10:19  Zerg Melee Weapons Level 3, Ultralisk Cavern  
  130  10:20  Zerg Ground Armor Level 3  
  129  10:22  Zergling x8  
  129  10:23  Zergling x12  
  129  10:25  Zergling x6  
  142  10:39  Zergling x2  
  142  10:40  Zergling x18  
  152  10:44  Overlord x2  
  152  10:53  Zergling x2  
  152  10:54  Zergling x8  
  155  11:03  Zergling x10  
  145  11:08  Ultralisk x4  
  145  11:10  Ultralisk  
  171  11:19  Zergling x12  
  171  11:20  Zergling x10  
  130  11:45  Zergling x2  
  130  11:46  Zergling x20  
  93  12:09  Ultralisk x5  
  123  12:17  Zergling x12  
  123  12:21  Drone x3  
  118  12:30  Zergling x10  
  117  12:51  Ultralisk  
  117  12:52  Ultralisk  
  117  12:54  Zergling x6  
  117  12:55  Zergling x10  
  143  13:13  Ultralisk  
  143  13:15  Zergling x2  
  143  13:16  Zergling x8  
  138  13:34  Zergling x2  
  138  13:35  Zergling x26  
Tags
 
Add a new tag
Caveats
  • Supply blocks, unpowered buildings, or Contaminate may cause inaccurate times.
  • Supply counts are checked every 10 seconds.